 Dungeon Crawl Stone Soup version 0.31.0-12-g77e489cdc1 (webtiles) character file.

Game seed: 3993243084622883641

217563 Peloso the Hoplite (level 18, -22/173 HPs)
             Began as a Minotaur Fighter on Mar 5, 2024.
             Was the Champion of Okawaru.
             Succumbed to a naga ritualist's toxic radiance
             ... on level 3 of the Snake Pit.
             The game lasted 01:45:29 (43228 turns).

Peloso the Hoplite (Minotaur Fighter)              Turns: 43228, Time: 01:45:31

Health: -22/173    AC: 30    Str: 23    XL:     18   Next: 76%
Magic:  19/19      EV: 11    Int:  5    God:    Okawaru [******]
Gold:   1887       SH: 17    Dex: 19    Spells: 17/17 levels left

rFire   + . .        a - +4 scimitar (heavy)
rCold   + . .        d - +0 kite shield {reflect}
rNeg    . . .        V - +1 plate armour "Matim" {rElec Will+ Dex+3}
rPois   .            (helmet restricted)
rElec   +            M - +2 cloak {Stlth+}
rCorr   .            h - +2 pair of gloves {infuse}
SInv    +            E - +1 pair of boots "Viohuck" {rElec rF+ SInv}
Will    +++..        t - amulet of regeneration Stlth
                     R - ring of protection from cold
HPRegen 1.28/turn    s - ring of willpower
MPRegen 0.16/turn

%: reflection, infuse magic (1 MP)
@: lethally poisoned (-22 -> -100), untranslocatable, studying Ice Magic
A: horns 2, retaliatory headbutt
a: Renounce Religion, Heroism, Finesse, Duel, Receive Weapon, Receive Armour


You were on level 3 of the Snake Pit.
You worshipped Okawaru.
Okawaru was exalted by your worship.
You visited 7 branches of the dungeon, and saw 33 of its levels.
You also visited: Sewer, Bailey, Ice Cave and Volcano.

You collected 3567 gold pieces.
You spent 1680 gold pieces at shops.

Inventory:

Hand Weapons
 a - a +4 heavy scimitar (weapon)
 b - a +4 scimitar of flaming
 c - a +2 scimitar of electrocution
Missiles
 i - 2 throwing nets (quivered)
Armour
 d - a +0 kite shield of reflection (worn)
 h - a +2 pair of gloves of infusion (worn)
 y - the -1 pair of gloves of Peek-a-Boo {+Inv rElec Str-3}
   (You found it in an ice cave)

   Str-3:     It affects your strength (-3).
   rElec:     It insulates you from electricity.
   +Inv:      It lets you turn invisible.
 C - +0 ice dragon scales
 E - the +1 pair of boots "Viohuck" (worn) {rElec rF+ SInv}
   (You found it in an ice cave)

   rF+:       It protects you from fire.
   rElec:     It insulates you from electricity.
   SInv:      It lets you see invisible.
 M - a +2 cloak of stealth (worn)
 P - a +0 pair of boots
 S - the +0 plate armour of Valour {rElec rCorr Slay+2 Stlth-}
   (You found it on level 10 of the Dungeon)

   Slay+2:    It affects your accuracy & damage with ranged weapons and melee
   (+2).
   rElec:     It insulates you from electricity.
   rCorr:     It protects you from acid and corrosion.
   Stlth-:    It makes you less stealthy.
 V - the +1 plate armour "Matim" (worn) {rElec Will+ Dex+3}
   (You bought it in a shop on level 2 of the Orcish Mines)

   Dex+3:     It affects your dexterity (+3).
   rElec:     It insulates you from electricity.
   Will+:     It increases your willpower.
Jewellery
 e - an amulet of magic regeneration
 f - a +4 ring of protection
 k - an amulet of faith
 q - a +4 ring of protection
 s - a ring of willpower (right hand)
 t - an amulet of regeneration (around neck)
 D - a ring of fire
 K - the amulet "Totwur" {Acrobat Rampage rN+ MP+9}
   (You found it on level 3 of the Lair of Beasts)

   [amulet of the acrobat]

   Acrobat:   It increases your evasion while moving and waiting.
   rN+:       It protects you from negative energy.
   MP+9:      It affects your magic capacity (+9).
   Rampage:   It bestows one free step when moving towards enemies.
 L - a ring of willpower
 R - a ring of protection from cold (left hand)
 T - the ring of Deamoiry {Int+3 SInv}
   (You found it on level 12 of the Dungeon)

   [ring of see invisible]

   Int+3:     It affects your intelligence (+3).
   SInv:      It lets you see invisible.
Wands
 v - a wand of iceblast (13)
 F - a wand of polymorph (4)
Scrolls
 g - 2 scrolls of amnesia
 l - 8 scrolls of teleportation
 n - 2 scrolls of fog
 o - 9 scrolls of revelation
 r - 4 scrolls of fear
 w - a scroll of poison
 x - 4 scrolls of immolation
 A - 16 scrolls of identify
 N - a scroll of enchant weapon
Potions
 j - a potion of lignification
 m - 2 potions of resistance
 p - 2 potions of invisibility
 u - a potion of cancellation
 z - 3 potions of enlightenment
 B - 2 potions of curing
 G - 7 potions of might
 H - 2 potions of attraction
 I - 4 potions of haste
 J - 2 potions of magic
 W - a potion of heal wounds
 X - 2 potions of berserk rage


   Skills:
 + Level 18.5 Fighting
 + Level 19.4 Long Blades
 + Level 2.1 Polearms
 + Level 19.4 Armour
 + Level 7.3 Dodging
 + Level 3.2 Stealth
 + Level 23.2 Shields
 + Level 2.8 Invocations
 + Level 1.5 Evocations


You had 17 spell levels left.
You didn't know any spells.
Your spell library contained the following spells:

 Spells                   Type           Power      Damage    Failure   Level
 Apportation              Tloc           0%         N/A       98%         1
 Magic Dart               Conj           0%         1d3       98%         1
 Necrotise                Necr           0%         1d4       98%         1
 Sting                    Conj/Alch      0%         1d3       98%         1
 Blink                    Tloc           0%         N/A       99%         2
 Cigotuvi's Dreadful Rot  Necr/Alch/Air  0%         N/A       99%         2
 Ensorcelled Hibernation  Hex/Ice        0%         N/A       99%         2
 Lesser Beckoning         Tloc           0%         N/A       99%         2
 Momentum Strike          Conj/Tloc      0%         3d8       99%         2
 Scorch                   Fire           0%         2d5       99%         2
 Searing Ray              Conj           0%         2d4       99%         2
 Dazzling Flash           Conj/Hex       0%         N/A       100%        3
 Fugue of the Fallen      Necr           0%         N/A       100%        3
 Ozocubu's Armour         Ice            0%         N/A       100%        3
 Passwall                 Erth           0%         N/A       100%        3
 Sigil of Binding         Hex            0%         N/A       100%        3
 Swiftness                Air            0%         N/A       100%        3
 Volatile Blastmotes      Fire/Tloc      0%         2d10      100%        3
 Anguish                  Hex/Necr       0%         N/A       100%        4
 Cause Fear               Hex            0%         N/A       100%        4
 Dimensional Bullseye     Hex/Tloc       0%         N/A       100%        4
 Dispel Undead            Necr           0%         3d6       100%        4
 Flame Wave               Conj/Fire      0%         2d4       100%        4
 Fulminant Prism          Conj/Alch      0%         3d5       100%        4
 Iskenderun's Mystic Bla  Conj/Tloc      0%         2d3       100%        4
 Manifold Assault         Tloc           0%         N/A       100%        4
 Passage of Golubria      Tloc           0%         N/A       100%        4
 Fireball                 Conj/Fire      0%         3d3       100%        5
 Dispersal                Tloc           0%         N/A       100%        6
 Starburst                Conj/Fire      0%         6d3       100%        6
 Enfeeble                 Hex            0%         N/A       100%        7
 Maxwell's Capacitive Co  Air            0%         ∞         100%        8
 Summon Small Mammal      Summ           Unusable   N/A       N/A         1
 Call Imp                 Summ           Unusable   N/A       N/A         2
 Call Canine Familiar     Summ           Unusable   N/A       N/A         3
 Summon Ice Beast         Ice/Summ       Unusable   N/A       N/A         3
 Tukima's Dance           Hex            Unusable   N/A       N/A         3
 Martyr's Knell           Necr/Summ      Unusable   N/A       N/A         4
 Death Channel            Necr           Unusable   N/A       N/A         6
 Summon Cactus Giant      Summ           Unusable   N/A       N/A         6
 Haunt                    Necr/Summ      Unusable   N/A       N/A         7

Dungeon Overview and Level Annotations

Branches:
Dungeon (15/15)            Temple (1/1) D:5            Lair (5/5) D:9
 Shoals (3/4) Lair:2        Snake (4/4) Lair:3        Slime (0/5) Lair:4
    Orc (2/2) D:11            Elf (3/3) Orc:2        Vaults (0/5) D:13
 Depths (0/4) D:15          Sewer (visited)          Bailey (visited)
  IceCv (visited)         Volcano (visited)

Altars:
Ashenzari
Cheibriados
Dithmenos
Elyvilon
Fedhas
Gozag
Hepliaklqana
Kikubaaqudgha
Makhleb
Nemelex Xobeh
Okawaru
Qazlal
Ru
Sif Muna
Trog
Uskayaw
Vehumet
Wu Jian
Xom
Yredelemnul
Zin
The Shining One
Jiyva

Shops:
D:4 !*(   D:9 =   D:13 *   Orc:2 ![:(   Elf:1 :=:   Elf:2 ?   Elf:3 [
Snake:2 ?

Portals:
Trove: D:11 (give +3 shadow dragon scales)

Annotations:
D:10 3 runed translucent doors, Tomate's ghost, novice DsFi
Lair:1 Casa
Elf:2 3 runed translucent doors


Innate Abilities, Weirdness & Mutations

You have a pair of horns on your head.
You reflexively headbutt those who attack you in melee.


Message History

You feel extremely sick.
You are more poisoned.
Unknown command.
You feel extremely sick.
You are more poisoned.
Unknown command.
You feel extremely sick.
You are more poisoned.
You feel extremely sick.
You are more poisoned.
The nagaraja gestures at you while chanting.
The poison arrow hits you!!
You are more poisoned.
The nagaraja points at you and mumbles some strange words.
You feel firmly anchored in space.
* * * LOW HITPOINT WARNING * * *
You feel extremely sick.
* * * LOW HITPOINT WARNING * * *
You are more poisoned.
Unknown command.
* * * LOW HITPOINT WARNING * * *
You feel extremely sick. The nagaraja spits poison at you.
The splash of poison hits you but does no damage.
You are more poisoned.
There is a stone staircase leading up, spattered with blood here.
Unknown command.
Magic restored.
* * * LOW HITPOINT WARNING * * *
You feel extremely sick. The nagaraja spits poison at you.
The splash of poison hits you.
You are more poisoned.
* * * LOW HITPOINT WARNING * * *
The naga ritualist mumbles some strange prayers to its god.
The naga ritualist begins to radiate toxic energy.
* * * LOW HITPOINT WARNING * * *
You are more poisoned.
You climb upwards.
You die...

###### #.#.#....#..........#..
.....# #.#.#.##.#....#####.#.#
.....# #.#.#.##.#....# #.#.#
.....# #.#.#.##.#....# #.#.#
.....# #.#.#.##.#....# #.#..
.....# #.#.#.##.#....# #.###
.....######.#.#.##.#....# #....
............#.#.##.#.#+## ####.
................@#.#.#.#########.
............#.#).#.#....#........
............#.#..#.#....#.#######
###########...####.#.##.#.# #.. #
####.##.....###.# #.# #####
#.#.#...#.##.# #.# ....#
#.#.#...#.##.# #.# ....#
#.#.#.⌠.#.##.# #.# ....#
#.#.#...#.##.# #.#


There were no monsters in sight!

Vanquished Creatures
  Asterion (Snake:3)
  Aizul (Snake:1)
  Roxanne (Snake:2)
  2 nagarajas
  A frost giant (IceCv)
  A deep elf sorcerer (Elf:1)
  An orc warlord (Orc:2)
  An ironbound preserver (D:13)
  A white draconian (IceCv)
  Snorg (D:11)
  2 ettins
  A fire dragon (Volcano)
  4 merfolk impalers
  A deep elf high priest (Elf:1)
  Josephine (D:15)
  The ghost of Puaxkaoc the Severer, a journeyman MiFi of Makhleb (D:12)
  An ice dragon (IceCv)
  7 hydras
  2 merfolk avatars
  9 two-headed ogres
  4 boulder beetles
  4 anacondas
  2 ironbound frosthearts (IceCv)
  An alligator snapping turtle (Shoals:3)
  3 ogre magi
  6 centaur warriors
  5 catoblepae
  A deep troll shaman (Lair:5)
  A merfolk aquamancer (Shoals:2)
  19 dancing weapons
  5 death yaks (Lair:5)
  8 naga warriors
  A vampire mage (D:15)
  7 shock serpents
  12 naga sharpshooters
  5 deep elf knights
  Urug (Orc:1)
  Nergalle (Orc:2)
  A fire crab (Volcano)
  5 skeletal warriors
  5 skysharks
  A salamander mystic (Snake:3)
  4 mana vipers
  10 sea snakes
  2 storm dragon skeletons (D:15)
  6 deep elf archers
  A necromancer (D:15)
  A naga ritualist (Snake:4)
  13 deep elf pyromancers
  11 harpies
  An orange crystal statue (IceCv)
  19 deep elf zephyrmancers
  4 orc knights
  A lindwurm (Lair:1)
  7 orc sorcerers (Orc:2)
  9 fauns
  34 ugly things
  Maurice (D:8)
  13 salamanders
  2 meliai
  19 manticores
  6 merfolk sirens
  25 elephants
  3 cyclopes
  An ice statue (D:12)
  4 guardian serpents
  4 water nymphs
  23 black mambas
  21 naga magi
  2 molten gargoyles (Volcano)
  14 cane toads
  An unseen horror (shapeshifter) (D:14)
  3 gargoyles
  14 rime drakes (IceCv)
  A kobold demonologist (D:10)
  An unseen horror (D:11)
  4 efreet
  10 komodo dragons
  3 tengu conjurers
  4 yaktaurs (D:15)
  Psyche (D:9)
  15 merfolk
  20 polar bears
  6 trolls
  6 wind drakes
  26 blink frogs
  4 snapping turtles
  17 dream sheep
  A spriggan zombie (D:15)
  19 slime creatures
  2 air elementals (Elf:1)
  59 yaks
  2 vampires
  A shadow (D:13)
  6 fire elementals
  14 water elementals
  8 wraiths
  8 fire bats (Volcano)
  8 wyverns
  6 basilisks
  4 steam dragons
  9 vampire mosquitoes
  49 nagas
  A warg (Orc:1)
  2 acid dragons
  A hell hound (Volcano)
  Duvessa (D:5)
  13 water moccasins
  23 orc warriors
  2 ice beasts (D:6)
  3 black bears
  6 centaurs
  A crocodile (Sewer)
  13 wolves
  11 ogres
  2 phantoms (D:3)
  9 kobold brigands
  A gnoll sergeant (D:7)
  15 bullfrogs
  An earth elemental (Elf:2)
  7 scorpions
  7 wights
  A hornet simulacrum (D:14)
  Dowan (D:5)
  6 killer bees (D:9)
  3 electric eels (Lair:4)
  7 howler monkeys
  2 bombardier beetles (D:5)
  2 hounds (D:6)
  4 lava snakes (Volcano)
  12 jellies
  A gnoll bouda (D:7)
  14 orc priests
  A sleepcap (D:5)
  Terence (D:2)
  3 iguanas
  43 orc wizards
  6 adders
  9 gnolls
  A river rat (D:3)
  2 white imps
  2 ufetubi (D:6)
  9 dart slugs
  A ribbon worm (D:5)
  68 orcs
  5 endoplasms
  11 giant cockroaches
  5 goblins
  9 hobgoblins
  17 jackals
  2 quokkas (D:5)
  8 ball pythons
  8 bats
  3 frilled lizards
  29 kobolds
  5 rats
1151 creatures vanquished.

Vanquished Creatures (others)
  A frost giant (IceCv)
  A meliai (D:15)
  2 slime creatures
  A naga mage (Snake:1)
  An air elemental (Elf:1)
  A water elemental (Elf:2)
  A steam dragon (Volcano)
  3 orc wizards
  A kobold (D:9)
12 creatures vanquished.

Grand Total: 1163 creatures vanquished

Notes
Turn   | Place    | Note
-------+----------+-------------------------------------------
     0 | D:1      | Peloso the Minotaur Fighter began the quest for the Orb.
     0 | D:1      | Reached XP level 1. HP: 19/19 MP: 0/0
   111 | D:1      | Reached XP level 2. HP: 11/27 MP: 1/1
   458 | D:1      | Reached XP level 3. HP: 31/33 MP: 2/2
  1369 | D:2      | Noticed Terence
  1374 | D:2      | Killed Terence
  1375 | D:2      | Reached XP level 4. HP: 35/40 MP: 3/3
  1529 | D:2      | Reached skill level 4 in Shields
  1739 | D:3      | Noticed a phantom
  1750 | D:3      | Killed a phantom
  1751 | D:3      | Reached XP level 5. HP: 44/46 MP: 4/4
  1860 | D:3      | Reached skill level 5 in Armour
  1865 | D:3      | Noticed a phantom
  1868 | D:3      | Reached skill level 5 in Long Blades
  1884 | D:3      | Killed a phantom
  1887 | D:3      | Reached XP level 6. HP: 23/53 MP: 5/5
  1908 | D:3      | Reached skill level 1 in Dodging
  1985 | D:3      | Found a glowing drain.
  1989 | Sewer    | Entered a sewer
  2324 | D:3      | Reached XP level 7. HP: 47/60 MP: 6/6
  3003 | D:4      | Found Quoxoi's Assorted Antiques.
  3069 | D:4      | Bought a scroll labelled WANOSE TEMOYPS for 23 gold pieces
  3069 | D:4      | Bought a scroll labelled OREOSOCHIO for 23 gold pieces
  3069 | D:4      | Bought a clear potion for 20 gold pieces
  3109 | D:4      | Reached skill level 5 in Fighting
  3121 | D:4      | Found Piathuet's Weapon Emporium.
  3444 | D:4      | Found Soobropos's Distillery.
  3570 | D:5      | Entered Level 5 of the Dungeon
  3617 | D:5      | Found a staircase to the Ecumenical Temple.
  3638 | Temple   | Entered the Ecumenical Temple
  3667 | Temple   | Became a worshipper of Warmaster Okawaru
  3699 | Temple   | Reached skill level 1 in Evocations
  4202 | D:5      | Noticed Duvessa
  4210 | D:5      | Killed Duvessa
  4211 | D:5      | Reached XP level 8. HP: 68/69 MP: 7/7
  4211 | D:5      | Noticed Dowan
  4224 | D:5      | Killed Dowan
  4266 | D:5      | Reached skill level 5 in Shields
  5077 | D:6      | Reached * piety under Okawaru
  5361 | D:6      | Reached XP level 9. HP: 54/75 MP: 8/8
  5479 | D:6      | Got the Octavo of Wildfire
  5751 | D:7      | Reached skill level 10 in Long Blades
  6405 | D:7      | Reached ** piety under Okawaru
  6418 | D:7      | Found a blossoming altar of Fedhas.
  6813 | D:8      | Noticed Maurice
  7054 | D:8      | Maurice stole a +6 ring of intelligence
  7056 | D:8      | Killed Maurice
  7057 | D:8      | Reached skill level 1 in Stealth
  7145 | D:8      | Reached skill level 6 in Shields
  7210 | D:8      | Reached *** piety under Okawaru
  7218 | D:8      | Reached XP level 10. HP: 86/86 MP: 9/9
  7300 | D:8      | Reached skill level 7 in Shields
  7846 | D:9      | Reached **** piety under Okawaru
  7903 | D:9      | Reached skill level 10 in Armour
  7983 | D:9      | Found a staircase to the Lair.
  8043 | D:9      | Noticed Psyche
  8061 | D:9      | Reached skill level 8 in Shields
  8072 | D:9      | Killed Psyche
  8185 | D:9      | Reached ***** piety under Okawaru
  8315 | D:9      | Noticed a manticore
  8332 | D:9      | Killed a manticore
  8333 | D:9      | Reached XP level 11. HP: 94/94 MP: 8/10
  8376 | D:9      | Received a gift from Okawaru
  8377 | D:9      | Reached skill level 9 in Shields
  8845 | D:9      | Found Zeklauki's Jewellery Shop.
  8853 | D:9      | Noticed a deep elf pyromancer
  8898 | D:9      | Killed a deep elf pyromancer
  8960 | D:9      | Noticed a deep elf pyromancer
  8968 | D:9      | Killed a deep elf pyromancer
  9273 | D:10     | Entered Level 10 of the Dungeon
  9375 | D:10     | Found a flagged portal.
  9393 | Bailey   | Entered a bailey
  9563 | Bailey   | Found an iron altar of Okawaru.
  9581 | Bailey   | Got the Encyclopedia of the Supportive Traveller
  9823 | D:10     | Identified the +0 plate armour of Valour {rElec rCorr
                  | Slay+2 Stlth-}
  9843 | D:10     | Found a runed translucent gate.
  9843 | D:10     | Found a runed translucent gate.
  9843 | D:10     | Found a runed translucent gate.
  9843 | D:10     | Noticed a cyan ugly thing
  9843 | D:10     | Noticed a brown ugly thing
  9843 | D:10     | Noticed a green ugly thing
  9843 | D:10     | Noticed a purple ugly thing
  9846 | D:10     | Noticed a red ugly thing
  9878 | D:10     | Found a transporter.
  9880 | D:10     | Found a transporter.
  9882 | D:10     | Found a transporter.
  9883 | D:10     | Found a transporter.
 10828 | D:11     | Noticed Snorg
 10844 | D:11     | Killed Snorg
 10845 | D:11     | Reached skill level 10 in Shields
 10900 | D:11     | Noticed a two-headed ogre
 10912 | D:11     | Killed a two-headed ogre
 10913 | D:11     | Reached skill level 1 in Invocations
 11015 | D:11     | Found a portal to a secret trove of treasure.
 11083 | D:11     | Found a bloodstained altar of Trog.
 11141 | D:11     | Found a staircase to the Orcish Mines.
 11212 | D:11     | Noticed a boulder beetle
 11244 | D:11     | Reached skill level 10 in Fighting
 11269 | D:11     | Killed a boulder beetle
 11270 | D:11     | Reached XP level 12. HP: 104/106 MP: 11/11
 11763 | Lair:1   | Entered Level 1 of the Lair of Beasts
 11765 | Lair:1   | You fall into a shaft and drop 1 floor!
 11775 | Lair:2   | Reached skill level 11 in Shields
 11783 | Lair:2   | Reached skill level 15 in Long Blades
 11785 | Lair:2   | Received a gift from Okawaru
 11924 | Lair:1   | Found a dark tunnel.
 11933 | Volcano  | Entered a volcano
 11964 | Volcano  | Reached skill level 12 in Shields
 12085 | Volcano  | Received a gift from Okawaru
 12106 | Volcano  | Found a radiant altar of Vehumet.
 12158 | Volcano  | Noticed a fire dragon
 12175 | Volcano  | Killed a fire dragon
 12766 | Lair:1   | Found a stormy altar of Qazlal.
 12982 | Lair:1   | Reached skill level 13 in Shields
 13086 | Lair:1   | Received a gift from Okawaru
 13706 | Lair:2   | Reached XP level 13. HP: 117/117 MP: 10/13
 14191 | Lair:2   | Found a staircase to the Shoals.
 14373 | Lair:3   | Received a gift from Okawaru
 14545 | Lair:3   | Reached skill level 5 in Dodging
 14977 | Lair:3   | Found a staircase to the Snake Pit.
 15135 | Lair:3   | Identified the amulet "Totwur" {Acrobat Rampage rN+ MP+9}
 15341 | D:12     | Identified the ring of Deamoiry {Int+3 SInv}
 15521 | D:12     | Identified the +6 great sword of Eternal Vigilance {elec,
                  | rPois rN+ Will+}
 15616 | D:12     | Noticed Puaxkaoc's ghost (journeyman MiFi)
 15617 | D:12     | Found a transporter.
 15729 | D:12     | Reached skill level 14 in Shields
 15746 | D:12     | Found a transporter.
 15841 | D:11     | Reached ****** piety under Okawaru
 16062 | Orc:1    | Entered Level 1 of the Orcish Mines
 16062 | Orc:1    | Noticed an ettin
 16071 | D:11     | Killed an ettin
 16071 | D:11     | Received a gift from Okawaru
 16594 | Orc:2    | Entered Level 2 of the Orcish Mines
 16595 | Orc:2    | Noticed Urug
 16616 | Orc:1    | Killed Urug
 17312 | Orc:2    | Found a staircase to the Elven Halls.
 17338 | Orc:2    | Noticed an orc warlord
 17372 | Orc:2    | Received a gift from Okawaru
 17394 | Orc:2    | Killed an orc warlord
 17738 | Orc:2    | Reached skill level 15 in Shields
 17797 | Orc:2    | Reached XP level 14. HP: 119/129 MP: 11/14
 17807 | Orc:2    | Noticed Nergalle
 17809 | Orc:2    | Found an ancient bone altar of Kikubaaqudgha.
 17818 | Orc:2    | Killed Nergalle
 17823 | Orc:2    | Found Luhaekir's Antique Armour Boutique.
 17868 | Orc:2    | Found a radiant altar of Vehumet.
 18007 | Orc:2    | Found Muaciss's Antique Weapon Shop.
 18046 | Orc:2    | Paralysed by something for 5 turns
 18051 | Orc:2    | Received a gift from Okawaru
 18138 | Orc:2    | Found Ristra's Book Shop.
 18188 | Orc:2    | Found Henteata's Distillery.
 18408 | Orc:2    | Bought a distressingly furry plate armour for 1036 gold
                  | pieces
 18408 | Orc:2    | Identified the +1 plate armour "Matim" {rElec Will+ Dex+3}
                  | (You bought it in a shop on level 2 of the Orcish Mines)
 19039 | Lair:4   | Reached skill level 16 in Shields
 19251 | Lair:4   | Reached skill level 1 in Polearms
 19265 | Lair:4   | Received a gift from Okawaru
 19615 | Lair:4   | Found a staircase to the Slime Pits.
 19616 | Lair:4   | Found a viscous altar of Jiyva.
 20639 | D:13     | Reached skill level 15 in Armour
 21160 | D:13     | Received a gift from Okawaru
 21226 | D:13     | Found a gate to the Vaults.
 21226 | D:13     | Noticed an ironbound preserver
 21242 | D:13     | Killed an ironbound preserver
 21550 | D:13     | Found Apraev's Blood Bar.
 21618 | D:13     | Reached skill level 17 in Shields
 21938 | Lair:5   | Entered Level 5 of the Lair of Beasts
 22052 | Lair:5   | Reached XP level 15. HP: 138/138 MP: 12/15
 22768 | Lair:5   | Received a gift from Okawaru
 23780 | Lair:5   | Received a gift from Okawaru
 23788 | Lair:5   | Reached skill level 18 in Shields
 24914 | D:14     | Found a stormy altar of Qazlal.
 25325 | D:15     | Entered Level 15 of the Dungeon
 25332 | D:15     | Noticed Josephine
 25339 | D:15     | Killed Josephine
 25742 | D:15     | Reached skill level 15 in Fighting
 25748 | D:15     | Received a gift from Okawaru
 25804 | D:15     | Found a staircase to the Depths.
 25958 | D:15     | Found a shadowy altar of Dithmenos.
 26194 | D:15     | Reached skill level 19 in Shields
 26539 | D:15     | Reached XP level 16. HP: 137/149 MP: 9/16
 26632 | D:15     | Received a gift from Okawaru
 27343 | D:10     | Found a runed translucent gate.
 27343 | D:10     | Found a runed translucent gate.
 27349 | D:10     | Found a runed translucent gate.
 27354 | D:10     | Noticed Tomate's ghost (novice DsFi)
 27531 | Elf:1    | Entered Level 1 of the Elven Halls
 27548 | Elf:1    | Paralysed by an air elemental for 1 turns
 27637 | Elf:1    | Paralysed by an air elemental for 1 turns
 27643 | Elf:1    | Paralysed by an air elemental for 1 turns
 27647 | Elf:1    | Paralysed by an air elemental for 1 turns
 27670 | Elf:1    | Received a gift from Okawaru
 28086 | Elf:1    | Paralysed by an air elemental for 1 turns
 28090 | Elf:1    | Paralysed by an air elemental for 1 turns
 28238 | Elf:1    | Found Yleq's Book Shoppe.
 28239 | Elf:1    | Found Ifechon's Jewellery Boutique.
 28241 | Elf:1    | Found Iskoreat's Book Shoppe.
 28345 | Elf:1    | You fall into a shaft and drop 1 floor!
 28363 | Elf:2    | Found a runed translucent gate.
 28363 | Elf:2    | Found a runed translucent gate.
 28363 | Elf:2    | Found a runed translucent gate.
 28424 | Elf:2    | Found Lauplo Lacwa's Magic Scroll Boutique.
 28437 | Elf:2    | Received a gift from Okawaru
 28447 | Elf:2    | Bought a scroll of brand weapon for 104 gold pieces
 29707 | Elf:2    | Bought a scroll of teleportation for 33 gold pieces
 29707 | Elf:2    | Bought 3 scrolls of revelation for 247 gold pieces
 29710 | Elf:3    | Entered Level 3 of the Elven Halls
 29766 | Elf:3    | Received a gift from Okawaru
 29789 | Elf:3    | Reached skill level 20 in Shields
 29839 | Elf:3    | Found Xayvvoerr's Armour Shoppe.
 30190 | Snake:1  | Entered Level 1 of the Snake Pit
 30192 | Snake:1  | Identified the serpent talisman of Duleqef {Str+2}
 30192 | Snake:1  | Noticed Aizul
 30210 | Snake:1  | HP: 7/152 [Aizul/bolt of poison (17)]
 30216 | Snake:1  | Killed Aizul
 31141 | Snake:1  | Reached XP level 17. HP: 125/160 MP: 12/17
 31745 | Snake:2  | Received a gift from Okawaru
 32246 | Snake:2  | Identified the +1 robe of Hepliaklqana's Fury {rPois rN+
                  | Str+4 Dex+3}
 32247 | Snake:2  | Found Ypillol's Magic Scroll Emporium.
 32339 | Snake:2  | Bought a scroll of revelation for 97 gold pieces
 32339 | Snake:2  | Bought a scroll of revelation for 97 gold pieces
 32853 | Snake:2  | Noticed Roxanne
 32879 | Snake:2  | Killed Roxanne
 33823 | D:12     | Killed Puaxkaoc's ghost
 34170 | Shoals:1 | Entered Level 1 of the Shoals
 34212 | Shoals:1 | Reached skill level 21 in Shields
 34339 | Shoals:1 | Received a gift from Okawaru
 35772 | Shoals:2 | Received a gift from Okawaru
 36605 | Shoals:3 | Found a glacial archway.
 36629 | IceCv    | Entered an ice cave
 36885 | IceCv    | Reached XP level 18. HP: 152/170 MP: 11/18
 36936 | IceCv    | Identified the -1 pair of gloves of Peek-a-Boo {+Inv rElec
                  | Str-3}
 36971 | IceCv    | Received a gift from Okawaru
 37176 | IceCv    | Reached skill level 22 in Shields
 37686 | IceCv    | Identified the +1 pair of boots "Viohuck" {rElec rF+ SInv}
 38902 | Snake:3  | Received a gift from Okawaru
 39264 | Snake:3  | Noticed Asterion
 39277 | Snake:3  | Killed Asterion
 40199 | Snake:4  | Entered Level 4 of the Snake Pit
 40843 | Snake:4  | Received a gift from Okawaru
 41199 | Snake:4  | Reached skill level 23 in Shields
 43227 | Snake:4  | HP: 8/173 [nagaraja/splash of poison (1)]
 43228 | Snake:3  | Succumbed to a naga ritualist's toxic radiance

Illustrated notes

Levels and vault maps discovered:
D:1:      matt_arrival_spirals, layout_basic
D:2:      minmay_skewed_foursquare, layout_basic, serial_aquarium,
          aquarium_bridge_square [aquarium_subvault_balcony,
          aquarium_subvault_bridge, aquarium_subvault_bridge,
          aquarium_subvault_wall], aquarium_window_fake, aquarium_window_fake,
          aquarium_window_corridor_3, aquarium_view_2b, aquarium_pool_2,
          uniq_terence
D:3:      layout_loops_ring, mainiacjoe_sewer_entry_somewhere_in_here_2
D:4:      layout_rooms, serial_shops, shop, nicolae_shop_bloodbath_and_beyond,
          nicolae_shop_trees
D:5:      layout_basic, minmay_temple_entry_mini_moons, dk_rats_in_the_wall,
          uniq_duvessa
D:6:      layout_gridville
D:7:      layout_gridville, old_standard_altar, uniq_maggie
D:8:      layout_basic, minmay_fountain_box, uniq_maurice
D:9:      regret_index_early_branch_jog, layout_basic, david_lair_shrubbed,
          uniq_psyche
D:10:     layout_layer_cave, ploomutoo_gammafunk_ghost_potion_laboratory,
          enter_bailey_2, nicolae_diode_quadrants
D:11:     layout_roguey, minmay_orc_entry_temple_small,
          nicolae_trove_entry_diagonal, serial_glass, glass_columns_a,
          glass_columns_a, nicolae_wwwww, trog_butcher_becter, uniq_snorg
D:12:     layout_cross, nzn_ghost_randoct, nrook_campfire
D:13:     layout_loops_ring, skrybe_vaults_entry_preservation,
          guppyfry_shop_blood
D:14:     layout_cave_pods, grunt_qazlal_clouds
D:15:     gammafunk_depths_entry_grave, layout_basic,
          nicolae_dithmenos_the_darkroom, uniq_josephine
Temple:   mainiacjoe_temple_archimedes_tessellation
Lair:1:   layout_gridlike, nicolae_volcano_entry_vermiform, basic_altar,
          chequers_serial_rivers_marsh
Lair:2:   layout_cave_shapes, minmay_shoals_entry_lonely_mermaid, serial_rivers,
          chequers_serial_rivers_small_3, chequers_serial_rivers_micro_d,
          chequers_serial_rivers_micro_d, chequers_serial_rivers_micro_d
Lair:3:   layout_chaotic_city, minmay_snake_entry_guardpost_medium
Lair:4:   layout_regular_city, minmay_slime_entry_pillars, serial_bayou,
          serial_bayou_shore_a, serial_bayou_pond_e, serial_bayou_lagoon_a,
          serial_bayou_pond_c, infiniplex_staircase_pool
Lair:5:   grunt_lair_end_beastmaster, layout_regular_city
Shoals:1: layout_shoals, argonaut_gorgonesque
Shoals:2: layout_shoals
Shoals:3: layout_shoals, portal_ice_cave_entry_pillars_2,
          nicolae_shoals_stone_sculpture_thing, abandoned_shop,
          nicolae_shoals_water_elemental_grotto
Snake:1:  layout_layer_cave, nicolae_snake_double_loop, uniq_aizul
Snake:2:  layout_chambers, serial_shops, nicolae_shop_tiny_real_fake_doors,
          uniq_roxanne
Snake:3:  layout_basic, grunt_megastairs_1, serial_bayou_shore_b, uniq_asterion
Snake:4:  snake_pit, layout_chambers
Orc:1:    layout_caves
Orc:2:    kennysheep_orc_mage_school, layout_caves, uniq_urug
Elf:1:    elf_arrival_001, layout_loops_ring, serial_sigils,
          serial_sigils_hangedman_gnaw, serial_sigils_hangedman_snap,
          serial_sigils_hangedman_shear, serial_sigils_hangedman_scar,
          minmay_shop_grove
Elf:2:    nicolae_elf_blades_crystal_corner, layout_loops_corners, serial_shops,
          shop_scrolls
Elf:3:    minmay_elf_hall_x, layout_geoelf_grid, serial_shops,
          nicolae_shop_mannequins

Skill      XL: |  1  2  3  4  5  6  7  8  9 10 11 12 13 14 15 16 17 18 |
---------------+-------------------------------------------------------+-----
Armour         | 4 5 6 8 9 10 11 12 13 15 16 17 18 19 | 19.4
Long Blades    | 3 4 5 6 7 9 11 13 14 15 16 17 18 19 | 19.4
Fighting       | 4 5 6 7 8 10 11 13 14 15 16 17 18 | 18.5
Shields        | 4 5 6 8 10 13 15 17 19 20 21 23 | 23.2
Dodging        | 1 2 3 4 5 6 7 |  7.3
Evocations     | 1 |  1.5
Stealth        | 1 2 3 |  3.2
Invocations    | 1 2 |  2.8
Polearms       | 2 |  2.1

Action                     |  1- 3 |  4- 6 |  7- 9 | 10-12 | 13-15 | 16-18 || total
---------------------------+-------+-------+-------+-------+-------+-------++-------
  Melee: Long sword        |    93 |   111 |   381 |    10 |       |       ||   595
         Headbutt          |    10 |    12 |    76 |   156 |   309 |   332 ||   895
         Punch             |       |       |     1 |       |       |       ||     1
         Scimitar          |       |       |       |   721 |  1172 |  1356 ||  3249
         Trident           |       |       |       |       |    15 |       ||    15
 Invoke: Heroism           |       |       |     3 |    13 |    15 |     8 ||    39
  Evoke: Wand              |       |       |     7 |       |       |    10 ||    17
    Use: Potion            |     3 |     1 |       |     5 |     2 |    13 ||    24
         Scroll            |       |     7 |     4 |    15 |     1 |    11 ||    38
   Stab: Petrified         |       |       |       |       |     5 |       ||     5
 Armour: Scale mail        |   105 |   104 |     1 |       |       |       ||   210
         Chain mail        |       |       |   336 |       |       |       ||   336
         Plate armour      |       |       |    13 |   559 |  1282 |  1196 ||  3050
         Skin              |       |       |       |     2 |       |       ||     2
         Fire dragon scale |       |       |       |     4 |       |       ||     4
  Dodge: Dodged            |    49 |    54 |   164 |   209 |   459 |   514 ||  1449
  Block: Buckler           |    27 |    22 |    28 |       |       |       ||    77
         Kite shield       |       |       |    62 |   466 |  1230 |  1451 ||  3209
         Reflection        |       |       |       |       |       |    95 ||    95
